 Dungeon Sprint DCSS version 0.17-a0-968-gf8e1f1d (webtiles) character file.

2357 ahoge the Blocker (level 9, -1/63 HPs)
             Began as a Gargoyle Fighter on May 9, 2015.
             Was a Priest of Okawaru.
             Impaled on a porcupine's spines (3 damage)
             ... in the Dungeon (Sprint IX: "|||||||||||||||||||||||||||||").
             The game lasted 00:03:12 (969 turns).

ahoge the Blocker (Gargoyle Fighter)                 Turns: 969, Time: 00:03:12

Health: -1/63      AC: 23    Str: 19    XL:     9   Next: 44%
Magic:  2/3        EV: 15    Int: 10    God:    Okawaru [***...]
Gold:   24         SH: 15    Dex: 15    Spells: 0 memorised, 8 levels left

rFire  . . .     SeeInvis .     q - +2 rapier of Corruption {antimagic, -Tele +Inv rPois rC+}
rCold  + . .     Clarity  .     t - +1 chain mail
rNeg   + . .     SustAb   .     c - +0 shield
rPois  ∞         Gourm    .     (no helmet)
rElec  +         Spirit   .     (no cloak)
rCorr  .         Warding  .     s - +0 pair of gloves
rMut   .         NoTele   +     r - +0 pair of boots
MR     .....                    (no amulet)
Stlth  +.........               v - +3 ring of dexterity
                                u - +2 ring of evasion

@: heroism, not resistant to hostile enchantments, very unstealthy
A: negative energy resistance 1, electricity resistance, unbreathing,
petrification resistance, rot immunity, AC +5
a: Heroism, Renounce Religion, Evoke Invisibility


You were in the Dungeon.
You worshipped Okawaru.
Okawaru was most pleased with you.
You were hungry.

You visited 1 branch You collected 24 gold pieces.

Inventory:

Hand weapons
 a - a +0 flail
 q - the +2 rapier of Corruption (weapon) {antimagic, -Tele +Inv rPois rC+}
   (You found it in the Dungeon)

   It disrupts the flow of magical energy around spellcasters and certain
   magical creatures (including the wielder).
   It protects you from cold.
   It protects you from poison.
   It lets you turn invisible.
   It prevents most forms of teleportation.
Armour
 b - a +0 scale mail
 c - a +0 shield (worn)
 r - a +0 pair of boots (worn)
 s - a +0 pair of gloves (worn)
 t - a +1 chain mail (worn)
Jewellery
 u - a +2 ring of evasion (left hand)
 v - a +3 ring of dexterity (right hand)
Magical devices
 p - a wand of cold (7)
Scrolls
 k - 4 scrolls of blinking
 l - a scroll of fear
 n - 4 scrolls of remove curse
 o - 2 scrolls of amnesia
 w - a scroll of recharging
Potions
 d - 3 potions of might
 f - 6 potions of curing
 g - 7 potions of heal wounds
 h - a potion of haste
 i - 4 potions of magic
 j - 2 potions of berserk rage
 m - a potion of invisibility
Comestibles
 e - a bread ration


   Skills:
 + Level 10.9(15.9) Fighting
 + Level 7.1(12.1) Short Blades
 + Level 6.2(11.2) Maces & Flails
 + Level 10.4(15.4) Armour
 + Level 5.1(10.1) Dodging
 + Level 2.2(7.2) Stealth
 + Level 12.6(17.6) Shields
 + Level 1.8 Invocations


You had 8 spell levels left.
You didn't know any spells.

Dungeon Overview and Level Annotations

Branches:
Dungeon (1/1)

Altars:
Cheibriados
Dithmenos
Elyvilon
Fedhas
Gozag
Kikubaaqudgha
Makhleb
Nemelex Xobeh
Okawaru
Qazlal
Ru
Sif Muna
Trog
Vehumet
Xom
Yredelemnul
Zin
The Shining One
Beogh
Jiyva
Lugonu


Innate Abilities, Weirdness & Mutations

You are resistant to torment.
Your stone body is resilient (AC +5).
You are immune to poison.
You resist negative energy.
You are resistant to electric shocks.
You can survive without breathing.
You are immune to petrification.
You are immune to rotting.


Message History

You hit the iguana.
The iguana is heavily wounded.
The iguana closely misses you.
You hit the iguana but do no damage.
The iguana is heavily wounded.
You block the iguana's attack.
You hit the iguana.
The iguana is heavily wounded.
You puncture the iguana!
You kill the iguana!
Okawaru accepts your kill.
You hit the porcupine.
The porcupine is moderately wounded.
The porcupine completely misses you.
You are struck by the porcupine's spines.
* * * LOW HITPOINT WARNING * * *
You hit the porcupine.
The porcupine is severely wounded.
You are struck by the porcupine's spines.
You die...

▓.▓_▓
▓.▓.▓_▓
▓.▓.▓_▓
▓.▓.▓_▓
▓.▓.▓_▓
▓.▓.▓_▓
▓t▓.▓_▓
▓r▓.▓_▓
▓@▓.▓_▓
▓†▓.▓_▓
▓.▓.▓_▓
▓.▓.▓_▓
▓.▓.▓_▓
▓.▓.▓'▓
▓.▓.▓.▓
▓.▓.▓.▓
▓(▓.▓.▓


You could see a crocodile and a porcupine.

Vanquished Creatures
  A hydra (D)
  A spiny frog (D)
  A komodo dragon (D)
  A tengu conjurer (D)
  A wolf (D)
  A soldier ant (D)
  2 ice beasts (D)
  2 eyes of draining (D)
  2 centaurs (D)
  A giant frog (D)
  An orc wizard (D)
  2 iguanas (D)
  A worker ant (D)
  A river rat (D)
  An adder skeleton (D)
  An adder zombie (D)
  An orc (D)
  A goblin (D)
  A hobgoblin (D)
  A ball python (D)
  A giant newt (D)
  A jackal (D)
  A kobold (D)
  A rat (D)
28 creatures vanquished.

Notes
Turn   | Place    | Note
--------------------------------------------------------------
     0 | D        | ahoge, the Gargoyle Fighter, began the quest for the Orb.
     0 | D        | Reached XP level 1. HP: 14/14 MP: 1/1
    93 | D        | Noticed a centaur
    93 | D        | Noticed an ice beast
   102 | D        | Killed an ice beast
   102 | D        | Reached skill level 6 in Fighting
   102 | D        | Reached skill level 1 in Dodging
   102 | D        | Reached skill level 5 in Shields
   102 | D        | Reached XP level 2. HP: 11/22 MP: 2/2
   102 | D        | Reached XP level 3. HP: 13/27 MP: 3/3
   102 | D        | Reached XP level 4. HP: 15/32 MP: 4/4
   111 | D        | Killed a centaur
   111 | D        | Reached skill level 7 in Fighting
   111 | D        | Reached XP level 5. HP: 17/38 MP: 5/5
   128 | D        | Found a glowing silver altar of Zin.
   128 | D        | Found a glowing golden altar of the Shining One.
   128 | D        | Found an ancient bone altar of Kikubaaqudgha.
   128 | D        | Found a basalt altar of Yredelemnul.
   128 | D        | Found a shimmering altar of Xom.
   128 | D        | Found a radiant altar of Vehumet.
   129 | D        | Found an iron altar of Okawaru.
   130 | D        | Found a burning altar of Makhleb.
   131 | D        | Found a deep blue altar of Sif Muna.
   132 | D        | Found a bloodstained altar of Trog.
   133 | D        | Found a sparkling altar of Nemelex Xobeh.
   134 | D        | Found a white marble altar of Elyvilon.
   135 | D        | Found a roughly hewn altar of Beogh.
   136 | D        | Found a viscous altar of Jiyva.
   137 | D        | Became a worshipper of Warmaster Okawaru
   138 | D        | Found a corrupted altar of Lugonu.
   139 | D        | Found a blossoming altar of Fedhas.
   140 | D        | Found a snail-covered altar of Cheibriados.
   141 | D        | Found a shadowy altar of Dithmenos.
   142 | D        | Found a stormy altar of Qazlal.
   143 | D        | Found an opulent altar of Gozag.
   144 | D        | Found a sacrificial altar of Ru.
   161 | D        | Got the +2 rapier of Corruption {antimagic, -Tele +Inv rPois rC+}
   283 | D        | Noticed an ice beast
   283 | D        | Noticed a soldier ant
   283 | D        | Noticed a worker ant
   283 | D        | Noticed a centaur
   283 | D        | Noticed an eye of draining
   307 | D        | Killed an eye of draining
   307 | D        | Reached skill level 8 in Fighting
   307 | D        | Reached XP level 6. HP: 42/44 MP: 0/6
   319 | D        | Killed a centaur
   319 | D        | Reached skill level 1 in Short Blades
   319 | D        | Reached skill level 5 in Maces & Flails
   356 | D        | Killed a soldier ant
   356 | D        | Acquired Okawaru's first power
   356 | D        | Reached skill level 9 in Fighting
   356 | D        | Reached XP level 7. HP: 34/51 MP: 2/7
   372 | D        | Killed a worker ant
   387 | D        | Killed an ice beast
   387 | D        | Reached skill level 1 in Stealth
   525 | D        | Noticed an orc wizard
   525 | D        | Noticed a tengu conjurer
   525 | D        | Noticed a giant frog
   525 | D        | Noticed a four-headed hydra
   525 | D        | Noticed an eye of draining
   542 | D        | Killed a four-headed hydra
   542 | D        | Reached skill level 10 in Fighting
   542 | D        | Reached skill level 11 in Shields
   542 | D        | Reached skill level 1 in Invocations
   542 | D        | Reached XP level 8. HP: 15/57 MP: 1/8
   550 | D        | Killed an eye of draining
   550 | D        | Reached skill level 5 in Short Blades
   558 | D        | Killed an orc wizard
   561 | D        | Killed a giant frog
   569 | D        | Killed a tengu conjurer
   569 | D        | Reached skill level 10 in Armour
   569 | D        | Reached XP level 9. HP: 19/63 MP: 3/9
   897 | D        | Noticed an iguana
   897 | D        | Noticed an iguana
   897 | D        | Noticed a spiny frog
   897 | D        | Noticed a komodo dragon
   897 | D        | Noticed a wolf
   901 | D        | Noticed a porcupine
   907 | D        | Noticed a crocodile
   917 | D        | Killed a wolf
   940 | D        | Killed a komodo dragon
   940 | D        | Reached skill level 12 in Shields
   957 | D        | Killed a spiny frog
   957 | D        | Reached skill level 5 in Dodging
   961 | D        | Killed an iguana
   966 | D        | Killed an iguana
   968 | D        | HP: 2/63 [porcupine's spines (7)]
   969 | D        | Impaled on a porcupine's spines

Action                   |  1- 3 |  4- 6 |  7- 9 || total
-------------------------+-------+-------+-------++-------
Melee: Flail             |    26 |    15 |       ||    41
       Rapier            |       |    71 |   143 ||   214
Invok: Heroism           |       |       |     2 ||     2
